 Dungeon Crawl Stone Soup version 0.31.0-12-g77e489cdc1 (console) character file.

Game seed: 4994134897667733426

1557279 biznut the Ninja (level 25, 122/122 HPs)
             Began as a Spriggan Enchanter on Feb 19, 2024.
             Was the Champion of Jiyva.
             Escaped with the Orb
             ... and 3 runes
             ... and 1 gem on Feb 23, 2024!
             The game lasted 12:00:59 (91573 turns).

biznut the Ninja (Spriggan Enchanter)              Turns: 91573, Time: 12:01:00

Health: 122/122    AC: 18    Str:  4    XL:     25   Next: 99%
Magic:  54/54      EV: 34    Int: 26    God:    Jiyva [******]
Gold:   1122       SH:  9    Dex: 18    Spells: 12/76 levels left

rFire   + + .        H - +8 rapier (elec)
rCold   + + .        s - +3 warlock's mirror {omnireflect}
rNeg    . . .        S - +3 troll leather armour
rPois   .            (helmet restricted)
rElec   +            q - +4 dragonskin cloak
rCorr   +            (gloves unavailable)
SInv    +            (boots unavailable)
Will    +++++        I - amulet of guardian spirit
Stlth   +++          y - ring of the Hare {EV+10}
HPRegen 2.80/turn    b - ring "Uprimue" {rElec AC+4}
MPRegen 1.14/turn

%: reflection, clarity, guardian spirit
@: studying 2 skills, very quick
A: very small, no large weapons, unfitting armour, see invisible, speed 3, horns
1, iridescent scales 2, clarity, cold resistance 2, deformed body, fire
resistance 2, frail 1, strong-willed 3, pseudopods 3
0: Orb of Zot
}: 3/15 runes: barnacled, slimy, gossamer
a: Renounce Religion, Oozemancy, Slimify


You escaped.
You worshipped Jiyva.
Jiyva was exalted by your worship.
You visited 12 branches of the dungeon, and saw 55 of its levels.
You visited 1 bazaar.

You collected 5329 gold pieces.
You spent 4207 gold pieces at shops.

Inventory:

Hand Weapons
 f - the +5 dagger "Q" {freeze, *Noise Int+3 Dex+4}
   (You took it off an ironbound convoker on level 2 of the Vaults)

   Int+3:     It affects your intelligence (+3).
   Dex+4:     It affects your dexterity (+4).
   *Noise:    It may make a loud noise when swung.
 u - a +2 sling of draining
 H - a +8 rapier of electrocution (weapon)
Armour
 q - the +4 dragonskin cloak (worn)
   (You took it off Tiamat on level 2 of the Realm of Zot)

   Avatar's Aegis: It grants the wearer a chance to resist fire, cold, poison,
   electricity, acid, and negative energy.
 s - the +3 warlock's mirror (worn) {omnireflect}
   (You found it on level 13 of the Dungeon)

   Omnireflect: It can block and reflect piercing ranged attacks and magical
   attacks against the wielder's willpower.
 Q - +0 fire dragon scales
 S - a +3 troll leather armour (worn)
Jewellery
 a - a ring of poison resistance
 b - the ring "Uprimue" (right hand) {rElec AC+4}
   (You bought it in a shop on level 3 of the Elven Halls)

   [ring of protection]

   AC+4:      It affects your AC (+4).
   rElec:     It insulates you from electricity.
 j - a ring of protection from cold
 x - a +6 ring of dexterity
 y - the ring of the Hare (left hand) {EV+10}
   (You bought it in a shop on level 2 of the Orcish Mines)

   [ring of evasion]

   EV+10:     It affects your evasion (+10).
 I - an amulet of guardian spirit (around neck)
 K - a ring of protection from fire
 R - an amulet of faith
 W - a +6 ring of intelligence
 Z - a +5 ring of evasion
Wands
 p - a wand of flame (38)
 B - a wand of light (15)
 E - a wand of digging (11)
 G - a wand of roots (31)
 X - a wand of paralysis (31)
 Y - a wand of mindburst (11)
Scrolls
 d - 4 scrolls of blinking
 g - a scroll of summoning
 h - 7 scrolls of fear
 m - 3 scrolls of enchant armour
 r - 5 scrolls of fog
 t - 9 scrolls of teleportation
 v - 5 scrolls of revelation
 z - 3 scrolls of immolation
 D - 3 scrolls of vulnerability
 J - 4 scrolls of poison
 M - a scroll of amnesia
 T - a scroll of brand weapon
Potions
 c - 7 potions of invisibility
 e - 6 potions of curing
 i - 4 potions of mutation
 k - 3 potions of lignification
 l - 3 potions of might
 A - 5 potions of resistance
 C - 3 potions of berserk rage
 F - 3 potions of magic
 L - 9 potions of brilliance
 O - 3 potions of enlightenment
 P - 5 potions of haste
 V - 2 potions of cancellation
Miscellaneous
 n - a phantom mirror
 o - a lightning rod (4/4)
 w - a condenser vane
 N - a phial of floods
 U - a box of beasts


   Skills:
 + Level 15.6 Fighting
 - Level 14.0 Short Blades
 - Level 3.9 Ranged Weapons
 - Level 1.0 Throwing
 - Level 4.2 Armour
 - Level 13.3 Dodging
 O Level 27 Stealth
 - Level 7.0 Shields
 + Level 26.0 Spellcasting
 - Level 1.1 Conjurations
 - Level 21.3 Hexes
 + Level 12.3 Summonings
 * Level 25.1 Translocations
 - Level 1.1 Air Magic
 - Level 9.3 Alchemy
 - Level 6.7 Invocations
 - Level 5.4 Evocations


You had 12 spell levels left.
You knew the following spells:

 Your Spells              Type           Power      Damage    Failure   Level
a - Ensorcelled Hibernat  Hex/Ice        100%       N/A       1%          2
b - Confusing Touch       Hex            98%        N/A       0%          3
c - Tukima's Dance        Hex            98%        N/A       0%          3
d - Dazzling Flash        Conj/Hex       100%       N/A       1%          3
e - Iskenderun's Mystic   Conj/Tloc      80%        2d16      1%          4
f - Gell's Gravitas       Tloc           100%       N/A       0%          3
g - Manifold Assault      Tloc           100%       N/A       0%          4
h - Teleport Other        Tloc           100%       N/A       0%          3
i - Yara's Violent Unrav  Hex/Alch       42%        3d17      1%          5
j - Summon Mana Viper     Hex/Summ       88%        N/A       1%          5
k - Passage of Golubria   Tloc           100%       N/A       0%          4
l - Sigil of Binding      Hex            98%        N/A       0%          3
m - Mephitic Cloud        Conj/Alch/Air  52%        N/A       1%          3
n - Alistair's Intoxicat  Alch           46%        N/A       1%          5
o - Inner Flame           Hex/Fire       73%        N/A       1%          3
p - Malign Gateway        Summ/Tloc      46%        N/A       1%          7
q - Blink                 Tloc           100%       N/A       0%          2
r - Lesser Beckoning      Tloc           100%       N/A       0%          2

Your spell library contained the following spells:

 Spells                   Type           Power      Damage    Failure   Level
 Slow                     Hex            100%       N/A       0%          1
 Dimensional Bullseye     Hex/Tloc       50%        N/A       0%          4
 Kiss of Death            Conj/Necr      100%       2d13      1%          1
 Magic Dart               Conj           100%       1d8       1%          1
 Shock                    Conj/Air       100%       1d9       1%          1
 Sting                    Conj/Alch      100%       1d9       1%          1
 Call Imp                 Summ           100%       N/A       1%          2
 Cigotuvi's Dreadful Rot  Necr/Alch/Air  100%       N/A       1%          2
 Momentum Strike          Conj/Tloc      100%       3d10      1%          2
 Summon Ice Beast         Ice/Summ       60%        N/A       1%          3
 Anguish                  Hex/Necr       36%        N/A       1%          4
 Metabolic Englaciation   Hex/Ice        36%        N/A       1%          5
 Silence                  Hex/Air        37%        N/A       1%          5
 Summon Forest            Summ/Tloc      46%        N/A       1%          5
 Freeze                   Ice            100%       1d10      2%          1
 Necrotise                Necr           100%       1d9       2%          1
 Sandblast                Erth           66%        2d15      2%          1
 Searing Ray              Conj           78%        2d7       2%          2
 Summon Cactus Giant      Summ           39%        N/A       2%          6
 Sublimation of Blood     Necr           33%        N/A       3%          2
 Fulminant Prism          Conj/Alch      28%        3d14      3%          4
 Ignite Poison            Fire/Alch      55%        N/A       3%          4
 Leda's Liquefaction      Alch/Erth      27%        N/A       3%          4
 Petrify                  Alch/Erth      55%        N/A       3%          4
 Sticky Flame             Fire/Alch      55%        2d10      3%          4
 Swiftness                Air            39%        N/A       4%          3
 Hailstorm                Conj/Ice       36%        3d9       6%          3
 Stone Arrow              Conj/Erth      72%        3d11      6%          3
 Frozen Ramparts          Ice            66%        1d10      8%          3
 Fugue of the Fallen      Necr           33%        N/A       8%          3
 Ozocubu's Armour         Ice            33%        N/A       8%          3
 Passwall                 Erth           33%        N/A       8%          3
 Vampiric Draining        Necr           33%        2d8       8%          3
 Irradiate                Conj/Alch      28%        3d21      9%          5
 Eringya's Noxious Bog    Alch           35%        4d6       9%          6
 Summon Hydra             Summ           39%        N/A       14%         7
 Airstrike                Air            19%        2d(3-19)  16%         4
 Brom's Barrelling Bould  Conj/Erth      36%        2d6       21%         4
 Animate Dead             Necr           33%        N/A       26%         4
 Dispel Undead            Necr           33%        3d14      26%         4
 Sculpt Simulacrum        Ice/Alch       27%        N/A       50%         6
 Curse of Agony           Necr           33%        N/A       56%         5
 Death Channel            Necr           16%        N/A       98%         6
 Orb of Destruction       Conj           19%        9d8       100%        7
 Lehudib's Crystal Spear  Conj/Erth      18%        10d5      100%        8
 Death's Door             Necr           16%        N/A       100%        9


Dungeon Overview and Level Annotations

Branches:
Dungeon (15/15)            Temple (1/1) D:4            Lair (5/5) D:9
 Shoals (4/4) Lair:3       Spider (4/4) Lair:2        Slime (5/5) Lair:5
    Orc (2/2) D:9             Elf (3/3) Orc:2        Vaults (4/5) D:14
  Crypt (3/3) Vaults:3       Tomb (0/3) Crypt:3      Depths (4/4) D:15
    Zot (5/5) Depths:4

Altars:
Ashenzari
Cheibriados
Dithmenos
Elyvilon
Fedhas
Gozag
Hepliaklqana
Kikubaaqudgha
Makhleb
Nemelex Xobeh
Okawaru
Qazlal
Ru
Sif Muna
Trog
Uskayaw
Vehumet
Wu Jian
Xom
Yredelemnul
Zin
The Shining One
Jiyva
Lugonu

Shops:
Orc:2 =?[[   Elf:1 (   Elf:3 =?   Shoals:1 !   Vaults:2 [   Depths:1 ::=

Portals:
Hell: Depths:1 Depths:2 Depths:3 Depths:4
Abyss: Depths:1 Depths:2 Depths:3
Pandemonium: Depths:2
Ziggurat: Depths:1

Annotations:
D:8 Gastronok
D:14 exclusion: upstairs
Shoals:3 Mara, Roxanne
Spider:4 2 exclusions
Slime:4 Dissolution
Slime:5 Royal Jelly
Vaults:4 Jory, Zenata
Crypt:1 exclusions: deep elf death mage and 1 more exclusion


Innate Abilities, Weirdness & Mutations

You are very small and have problems with some larger weapons.
You are too small for most types of armour.
You have supernaturally acute eyesight. (SInv)
You cover ground extremely quickly. (Speed+++)
You have a pair of small horns on your head.
You are mostly covered in iridescent scales. (AC +4)
You possess an exceptional clarity of mind.
Your flesh is very cold resistant. (rC++)
Armour fits poorly on your strangely shaped body.
Your flesh is very heat resistant. (rF++)
You are frail. (-10% HP)
You are extremely strong-willed. (Will+++)
Armour fits poorly on your massive pseudopods.


Message History

You hear a distant slurping noise.
There is a stone staircase leading up here.
You climb upwards.
Level annotation: Gastronok
There is a stone staircase leading down here.
There is a stone staircase leading up here.
You climb upwards.
There is a stone staircase leading down here.
There is an escape hatch in the ceiling here.
A mysterious force pulls you upwards. The hatch slams shut behind you.
A shadow demon comes into view.
You can't go up here!
Jiyva gurgles merrily.
Things that are here:
a +0 leather armour; a +0 hand axe
Items here: )))) [[[.
There is a stone staircase leading up here.
You climb upwards.
There is a stone staircase leading down here.
There is an open door here.
There is a stone staircase leading up here.
You climb upwards.
There is a stone staircase leading down here.
There is a stone staircase leading up here.
You climb upwards.
There is a stone staircase leading down here.
There is a stone staircase leading up here.
You climb upwards.
There is a stone staircase leading down here.
Press: ? - help, v - describe, . - travel A stone staircase leading down.
This square is covered in magical glow.
Jiyva says: Divide and consume!
You hear a distant slurping noise. x2
There is a stone staircase leading up here.
You climb upwards.
There is a stone staircase leading down here.
There is an open door here.
There is a staircase leading out of the dungeon here.
You have escaped!

≈≈§≈≈≈≈§§≈..#.#.####.#####.
§≈≈≈≈≈§§§...#....#....# #.
≈≈≈≈≈≈≈≈≈≈...#......#..# #.
#≈§§§≈≈≈§§≈..............# #.
#≈≈§§≈≈≈§≈§......#.##.##.# #.
#≈§≈≈≈§≈≈§≈..[...#.##.##.# #.
#≈§≈≈≈≈≈§§§§.....#.##....# #.
#≈≈§§§≈≈≈≈..##...#'####### ##
#§≈§≈≈≈≈≈...#@.##...##
#≈≈≈≈≈≈≈≈......#.....## ###
#≈≈.......###.........## ##.#
#≈.........###.........####...
#####........'.........'......
#.....####.........####...
###..## ##.......## #..# #.##
##.....## #.## #.# ##...##
#.##


There were no monsters in sight!

Vanquished Creatures
  3 dread liches
  Tiamat (Zot:2)
  An ancient lich (Crypt:3)
  3 orbs of fire (Zot:5)
  A juggernaut (Depths:1)
  Bai Suzhen (Spider:3)
  4 Killer Klowns
  A caustic shrike (Depths:1)
  7 golden dragons
  A bone dragon (Crypt:2)
  Nikola (Lair:3)
  Arachne (Spider:3)
  4 electric golems
  11 tentacled monstrosities
  A walking crystal tome (Depths:2)
  9 Orb Guardians
  3 liches
  2 deep elf blademasters
  A titan (Depths:2)
  4 quicksilver dragons
  5 sphinxes
  2 deep elf master archers (Elf:3)
  A kraken (Shoals:1)
  2 death cobs (Zot:3)
  Kirke (Lair:3)
  The ghost of tymior the Black Sun, an adept DsNe of Kikubaaqudgha (Lair:2)
  7 storm dragons
  Donald (Lair:3)
  9 tengu reavers
  7 draconian monks
  6 shadow dragons
  8 fire giants
  3 iron dragons
  Ilsuiw (Shoals:2)
  4 draconian shifters
  11 frost giants
  3 emperor scorpions (Spider:4)
  9 draconian knights
  3 deep elf elementalists
  12 vault wardens
  4 deep elf sorcerers
  6 ghost moths
  3 draconian scorchers
  2 spriggan defenders
  2 spectral caustic shrikes (Depths:1)
  2 orc warlords
  A cacodemon (Depths:2)
  16 ironbound preservers
  10 ghouls
  4 draconian annihilators
  5 draconian stormcallers
  18 very ugly things
  18 green draconians
  A broodmother (Spider:2)
  9 ironbound thunderhulks
  13 vampire knights
  A caustic shrike skeleton (Depths:1)
  5 deep elf demonologists (Elf:3)
  16 stone giants
  4 deep elf death magi
  7 dire elephants
  5 deep elf annihilators
  12 purple draconians
  6 war gargoyles
  8 spark wasps
  14 black draconians
  16 yellow draconians
  13 red draconians
  21 white draconians
  A green death (Depths:2)
  A crystal guardian (Crypt:3)
  10 fire dragons
  A merfolk javelineer (Shoals:4)
  4 jiangshi
  6 ettins
  4 merfolk impalers
  2 entropy weavers
  A deep elf high priest (Elf:3)
  6 rakshasas
  Josephine (D:13)
  6 hydras
  7 yaktaur captains
  5 ironbound frosthearts
  9 ice dragons
  A radroach (Spider:3)
  5 vault guards
  2 catoblepae
  Erolcha (Orc:2)
  A hell beast (Depths:3)
  A peacekeeper (Vaults:1)
  5 death knights
  2 spriggan skeletons
  A merfolk avatar (Shoals:2)
  2 spriggan air magi
  16 centaur warriors
  7 boulder beetles
  4 two-headed ogres
  10 death yaks
  5 jorogumos
  4 merfolk aquamancers
  2 satyrs
  13 deep troll earth magi
  6 deep troll shamans
  7 tengu warriors
  7 demonic crawlers
  5 spriggan berserkers
  16 dancing weapons
  8 vampire magi
  5 occultists
  2 titan zombies
  A soul eater (Crypt:2)
  12 hell knights
  14 deep elf knights
  Amaemon (D:9)
  7 sun demons (Depths:3)
  3 shadow wraiths
  11 skysharks
  6 pharaoh ants
  5 sea snakes
  A storm dragon zombie (Vaults:4)
  2 bunyip zombies
  10 iron trolls
  A golden dragon zombie (Crypt:3)
  23 skeletal warriors
  An anaconda zombie (Crypt:2)
  A swamp dragon (shapeshifter) (Depths:4)
  10 deep elf archers
  10 arcanists
  Pikel (D:8)
  7 steelbarb worms
  2 sun moths
  8 orb spiders (Spider:4)
  5 lindwurms
  A shadow dragon zombie (Crypt:2)
  A bog body (Crypt:2)
  A spriggan simulacrum (Crypt:2)
  55 deep trolls
  2 flayed ghosts
  18 harpies
  17 deep elf zephyrmancers
  12 phantasmal warriors
  11 necromancers
  2 orc knights (Vaults:4)
  A harpy (shapeshifter) (Elf:2)
  26 ugly things
  An orange crystal statue (Depths:4)
  28 deep elf pyromancers
  9 ironbound convokers
  A frost giant zombie (Depths:1)
  An oklob plant (Lair:3)
  9 orc sorcerers
  8 fauns
  A stone giant zombie (Crypt:2)
  A tengu skeleton (Vaults:4)
  8 cyclopes
  11 manticores
  22 wolf spiders
  A human zombie (Vaults:4)
  13 elephants
  27 moths of wrath
  7 merfolk sirens
  A jorogumo skeleton (Crypt:1)
  3 meliai (Spider:3)
  2 kobold blastminers (Orc:2)
  6 black mambas
  An iron dragon skeleton (Crypt:1)
  4 centaur skeletons
  A centaur zombie (Crypt:3)
  17 vault sentinels
  5 water nymphs
  2 gargoyles
  An orange demon (D:9)
  10 torpor snails
  9 cane toads
  3 molten gargoyles (Elf:1)
  Maggie (D:7)
  2 kobold demonologists (D:11)
  A hellion (Depths:3)
  12 komodo dragons
  6 rime drakes
  An unseen horror (D:10)
  3 freezing wraiths
  A white draconian zombie (Crypt:2)
  32 yaktaurs
  An efreet (D:11)
  3 tengu conjurers (D:15)
  A queen bee (Spider:3)
  21 merfolk
  2 tyrant leeches (Lair:5)
  A troll (shapeshifter) (D:13)
  4 trolls
  5 wind drakes
  2 polar bears (Lair:2)
  11 hornets
  A harpy skeleton (Crypt:3)
  A wolf spider simulacrum (D:15)
  9 blink frogs
  Grinder (D:4)
  15 tarantellas
  A spriggan zombie (Depths:1)
  8 snapping turtles
  3 harpy zombies (Crypt:3)
  16 dream sheep
  37 jumping spiders
  A centaur simulacrum (D:15)
  5 spriggans
  A fire elemental (Elf:2)
  53 yaks
  12 wraiths
  An orc simulacrum (Crypt:2)
  16 culicivoras
  14 water elementals
  2 air elementals (Shoals:4)
  5 wyverns
  3 hogs (Lair:3)
  3 vampires
  9 basilisks
  A yak (shapeshifter) (D:14)
  3 fire bats (Depths:3)
  7 vampire mosquitoes
  4 steam dragons
  A naga zombie (Crypt:3)
  49 redbacks
  2 acid dragons
  A nameless horror (Orc:2)
  20 water moccasins
  A demonspawn skeleton (Crypt:2)
  A glowing shapeshifter skeleton (Crypt:1)
  6 orc warriors
  3 swamp drakes
  3 black bears
  An ice beast (D:5)
  6 ogres
  25 laughing skulls
  13 wolves
  An elephant zombie (Crypt:1)
  5 boggarts
  9 centaurs
  A snapping turtle skeleton (Crypt:2)
  A torpor snail zombie (Crypt:1)
  A lemure (D:8)
  4 phantoms
  10 bullfrogs
  5 necrophages
  3 earth elementals
  2 scorpions
  13 wights
  21 killer bees
  6 electric eels
  10 howler monkeys
  A crimson imp (D:7)
  A lava snake (Elf:1)
  Crazy Yiuf (D:3)
  9 jellies
  A gnoll bouda (D:4)
  13 orc priests
  5 iguanas
  A sleepcap (D:6)
  28 orc wizards
  6 ogre zombies (D:9)
  A hound zombie (D:4)
  A naga skeleton (Crypt:1)
  14 gnolls
  10 adders
  A steam dragon skeleton (Crypt:2)
  A shadow imp (D:6)
  An adder zombie (D:4)
  An iguana zombie (Crypt:1)
  A jelly zombie (Crypt:2)
  4 ribbon worms
  A dart slug (D:4)
  59 orcs
  A bat skeleton (Crypt:2)
  10 endoplasms
  5 giant cockroaches
  5 gnoll zombies (D:9)
  8 goblins
  13 hobgoblins
  A jackal (D:2)
  6 ball pythons
  3 bats
  A frilled lizard (D:1)
  A frilled lizard skeleton (Crypt:2)
  3 gnoll skeletons (D:9)
  13 kobolds
  2 orc skeletons (D:9)
  9 orc zombies (D:9)
  6 rats
1916 creatures vanquished.

Vanquished Creatures (collateral kills)
  An ancient lich (Zot:5)
  An orb of fire (Zot:5)
  2 dread liches (Zot:1)
  Sojobo (Vaults:3)
  Parghit (Zot:3)
  A curse toe (Zot:4)
  3 Killer Klowns (Zot:5)
  A golden dragon (Zot:5)
  Norris (Vaults:3)
  3 electric golems (Zot:5)
  A walking crystal tome (Depths:2)
  16 Orb Guardians (Zot:5)
  5 tentacled monstrosities
  A lich (Crypt:3)
  A death cob (Zot:5)
  A sphinx (Zot:1)
  2 ancient champions (Crypt:1)
  2 eldritch tentacles
  A tengu reaver (Vaults:3)
  2 shadow dragons
  An iron dragon (Depths:1)
  A ghost moth (Lair:2)
  A vault warden (Vaults:2)
  2 deep elf elementalists (Elf:2)
  A very ugly thing (Depths:3)
  A spriggan defender (Depths:3)
  4 stone giants
  2 vampire knights
  A green draconian (Zot:1)
  A dire elephant (Vaults:1)
  3 deep elf death magi (Elf:3)
  A war gargoyle (Vaults:1)
  A deep elf annihilator (Elf:2)
  3 purple draconians (Zot:1)
  An eidolon (Crypt:2)
  An ettin (Depths:2)
  2 merfolk javelineers
  3 crystal guardians
  A fire dragon (Depths:2)
  A peacekeeper (Vaults:1)
  A rakshasa (Depths:3)
  A centaur warrior (Vaults:1)
  An alligator snapping turtle (Shoals:4)
  An ironbound frostheart (Vaults:2)
  A death knight (Crypt:2)
  19 dancing weapons
  An ogre mage (Vaults:3)
  2 two-headed ogres
  2 merfolk aquamancers (Shoals:4)
  A deep troll shaman (Depths:4)
  A deep troll earth mage (Depths:1)
  A titan zombie (Crypt:3)
  A deep elf knight (Elf:2)
  A hell knight (Crypt:3)
  A pharaoh ant (Spider:3)
  2 skeletal warriors
  2 orb spiders
  A shadow dragon zombie (Crypt:3)
  2 deep trolls
  A flayed ghost (Depths:2)
  2 harpies
  A necromancer (Crypt:3)
  An ironbound convoker (Vaults:2)
  A sun moth (Spider:3)
  An orc knight (Vaults:2)
  2 deep elf zephyrmancers
  A deep elf pyromancer (Elf:1)
  2 orc sorcerers (Orc:2)
  2 ugly things (Depths:2)
  A stone giant zombie (Crypt:3)
  A moth of wrath (Depths:4)
  A manticore (Shoals:2)
  3 water nymphs
  2 merfolk sirens (Shoals:4)
  A molten gargoyle (Elf:1)
  2 kobold demonologists (D:11)
  5 yaktaurs
  3 merfolk
  A tarantella (Spider:4)
  A wind drake (Shoals:4)
  A hornet (Zot:1)
  A snapping turtle (Shoals:4)
  7 air elementals
  14 water elementals
  A wraith (Crypt:1)
  2 laughing skulls
  2 ogres
  3 kobold brigands (D:11)
  A jelly (Zot:2)
  An orc priest (Orc:2)
  An orc wizard (Orc:2)
  2 kobolds (D:11)
192 creatures vanquished.

Vanquished Creatures (others)
  An ancient lich (D:15)
  A Killer Klown (Zot:5)
  26 eldritch tentacles
  The ghost of labirda the Tortoise, a journeyman MiFi of Hepliaklqana (Lair:5)
  A deep elf elementalist (Elf:3)
  2 formless jellyfish
  A deep elf death mage (D:15)
  A fire dragon (Lair:5)
  A yaktaur captain (Vaults:1)
  A vault guard (Vaults:2)
  An ice dragon (shapeshifter) (Depths:2)
  8 great orbs of eyes
  A peacekeeper (Vaults:4)
  A spriggan air mage (Depths:3)
  An ice dragon (Depths:2)
  An occultist (Depths:1)
  2 deep elf knights
  A skeletal warrior (Crypt:2)
  A fire crab (shapeshifter) (Elf:1)
  3 glowing orange brains
  A swamp dragon (Lair:5)
  3 ironbound convokers
  A harpy (Vaults:1)
  A deep elf zephyrmancer (Orc:2)
  A necromancer (Crypt:3)
  A deep elf pyromancer (Elf:1)
  A shining eye (shapeshifter) (Elf:1)
  An ugly thing (Vaults:3)
  A merfolk siren (Shoals:2)
  3 vault sentinels
  An eye of devastation (Depths:3)
  2 komodo dragons (Lair:5)
  A yaktaur (Vaults:1)
  2 hornets
  2 merfolk (Shoals:4)
  2 tyrant leeches (Lair:5)
  3 glass eyes
  A glass eye (shapeshifter) (Depths:2)
  A dream sheep (Shoals:1)
  28 slime creatures
  A jumping spider (Spider:4)
  A vampire (Vaults:3)
  6 dancing weapons
  A spriggan (Depths:2)
  A water elemental (Shoals:4)
  A fire bat (Depths:3)
  A basilisk (D:13)
  A hog (shapeshifter) (Elf:1)
  2 steam dragons (Lair:5)
  A basilisk (shapeshifter) (Elf:1)
  A cane toad skeleton (Crypt:2)
  A hornet zombie (Lair:5)
  2 boggarts
  2 killer bees (Spider:3)
  An electric eel (D:14)
  A howler monkey (shapeshifter) (Elf:3)
  337 jellies
  5 orc wizards
  An orc zombie (Orc:2)
  57 tentacles (Shoals:1)
537 creatures vanquished.

Grand Total: 2645 creatures vanquished

Notes
Turn   | Place    | Note
-------+----------+-------------------------------------------
     0 | D:1      | biznut the Spriggan Enchanter began the quest for the Orb.
     0 | D:1      | Reached XP level 1. HP: 9/9 MP: 5/5
   384 | D:1      | Reached XP level 2. HP: 7/13 MP: 6/6
   387 | D:1      | Learned a level 2 spell: Ensorcelled Hibernation
  1047 | D:2      | Reached skill level 5 in Stealth
  1231 | D:2      | Reached XP level 3. HP: 16/16 MP: 2/8
  1235 | D:2      | Learned a level 3 spell: Confusing Touch
  2347 | D:3      | Found a runed translucent door.
  2348 | D:3      | Noticed Crazy Yiuf
  2361 | D:3      | Killed Crazy Yiuf
  2362 | D:3      | Reached XP level 4. HP: 21/21 MP: 5/10
  2595 | D:3      | Reached skill level 6 in Stealth
  2606 | D:3      | Found a glowing silver altar of Zin.
  2758 | D:3      | Reached XP level 5. HP: 25/25 MP: 7/12
  2877 | D:3      | Learned a level 3 spell: Tukima's Dance
  2881 | D:3      | Learned a level 3 spell: Dazzling Flash
  2898 | D:3      | Found a faded altar of an unknown god.
  3343 | D:4      | Noticed a water moccasin
  3350 | D:4      | Killed a water moccasin
  3351 | D:4      | Reached skill level 7 in Stealth
  3474 | D:4      | Reached XP level 6. HP: 29/29 MP: 10/13
  3662 | D:4      | Noticed Grinder
  3830 | D:5      | Entered Level 5 of the Dungeon
  3860 | D:5      | Noticed a water moccasin
  3874 | D:5      | Killed a water moccasin
  3875 | D:5      | Reached skill level 5 in Spellcasting
  3875 | D:5      | Reached skill level 5 in Hexes
  4045 | D:5      | Reached XP level 7. HP: 32/32 MP: 8/16
  4306 | D:4      | Identified the +2 robe of the Dungeon {-Tele Dex+4}
  4446 | D:4      | Found a staircase to the Ecumenical Temple.
  4455 | Temple   | Entered the Ecumenical Temple
  4478 | Temple   | Became a worshipper of Elyvilon the Healer
  4575 | D:4      | Found an ancient bone altar of Kikubaaqudgha.
  4768 | D:4      | Killed Grinder
  4769 | D:4      | Reached skill level 8 in Stealth
  5052 | D:4      | Found a basalt altar of Yredelemnul.
  5381 | D:5      | Reached XP level 8. HP: 37/37 MP: 14/19
  5667 | D:5      | Found an iron altar of Okawaru.
  6052 | D:6      | Reached * piety under Elyvilon
  6074 | D:6      | Reached skill level 9 in Stealth
  6110 | D:6      | Found a stormy altar of Qazlal.
  6522 | D:6      | Reached skill level 1 in Fighting
  6522 | D:6      | Reached skill level 10 in Stealth
  7012 | D:7      | Found a sacrificial altar of Ru.
  7156 | D:7      | Noticed Maggie
  7170 | D:7      | Killed Maggie
  7171 | D:7      | Reached skill level 1 in Shields
  7171 | D:7      | Reached XP level 9. HP: 24/41 MP: 11/21
  7451 | D:7      | Noticed a gargoyle
  7502 | D:7      | Killed a gargoyle
  7503 | D:7      | Reached skill level 5 in Dodging
  7503 | D:7      | Reached skill level 11 in Stealth
  7753 | D:7      | Learned a level 1 spell: Shock
  7765 | D:7      | Found a shimmering altar of Xom.
  7765 | D:7      | Found a burning altar of Makhleb.
  7949 | D:8      | Reached skill level 12 in Stealth
  8069 | D:8      | Reached ** piety under Elyvilon
  8554 | D:8      | Identified the +9 longbow of Accidental Termination {heavy,
                  | rF- Will- Int+3 Dex+8}
  8571 | D:8      | Found a sparkling altar of Nemelex Xobeh.
  8571 | D:8      | Found a hazy altar of Hepliaklqana.
  8737 | D:8      | Reached skill level 13 in Stealth
  8748 | D:8      | Reached XP level 10. HP: 35/40 MP: 7/24
  9148 | D:8      | Noticed Gastronok
  9173 | D:8      | Noticed Pikel
  9419 | D:8      | Killed Pikel
  9782 | D:9      | Reached *** piety under Elyvilon
  9976 | D:9      | Noticed an orange demon
  9994 | D:9      | Noticed Amaemon
 10032 | D:9      | Killed Amaemon
 10033 | D:9      | Reached skill level 1 in Ranged Weapons
 10033 | D:9      | Reached skill level 14 in Stealth
 10033 | D:9      | Reached skill level 10 in Spellcasting
 10059 | D:9      | Killed an orange demon
 10238 | D:9      | Found a staircase to the Orcish Mines.
 10268 | D:9      | Reached skill level 5 in Short Blades
 10521 | D:9      | Found a staircase to the Lair.
 10721 | D:9      | Reached skill level 15 in Stealth
 10987 | D:9      | Reached **** piety under Elyvilon
 11121 | D:9      | Reached skill level 10 in Hexes
 11151 | D:9      | Identified the +4 mace "Wiok" {freeze, rElec rPois}
 11256 | D:9      | Noticed a cyclops
 11405 | D:10     | Entered Level 10 of the Dungeon
 11489 | D:10     | Reached XP level 11. HP: 50/50 MP: 26/26
 11505 | D:10     | Noticed a two-headed ogre
 11574 | D:10     | Killed a two-headed ogre
 11702 | D:10     | Found a shimmering blue altar of Sif Muna.
 11718 | D:10     | Found a snail-covered altar of Cheibriados.
 11754 | D:10     | Found an opulent altar of Gozag.
 12814 | D:11     | Reached ***** piety under Elyvilon
 13343 | Lair:1   | Entered Level 1 of the Lair of Beasts
 13461 | Lair:1   | Reached skill level 16 in Stealth
 14102 | Lair:1   | Reached skill level 1 in Armour
 14637 | Lair:1   | Reached skill level 17 in Stealth
 14643 | Lair:1   | Reached XP level 12. HP: 56/56 MP: 28/28
 15231 | Lair:1   | Reached skill level 18 in Stealth
 15657 | Lair:2   | Noticed a boulder beetle
 15682 | Lair:2   | Killed a boulder beetle
 16315 | Lair:2   | Found a hole to the Spider Nest.
 16450 | Lair:2   | Reached skill level 19 in Stealth
 16796 | Lair:2   | Reached ****** piety under Elyvilon
 17734 | Lair:3   | Found a staircase to the Shoals.
 17745 | Lair:3   | Noticed a six-headed hydra
 17758 | Lair:3   | Killed a six-headed hydra
 17798 | Lair:3   | Reached XP level 13. HP: 50/59 MP: 16/31
 18078 | Lair:3   | Reached skill level 20 in Stealth
 18133 | Lair:3   | Noticed Kirke
 18322 | Lair:3   | Noticed a sphinx
 18925 | Lair:3   | Reached skill level 1 in Invocations
 19827 | Lair:3   | Killed Kirke
 19907 | Lair:4   | Reached skill level 1 in Throwing
 19907 | Lair:4   | Reached skill level 1 in Air Magic
 20431 | Lair:4   | Learned a level 3 spell: Gell's Gravitas
 20733 | Lair:3   | Was placed under penance by Elyvilon
 20743 | Lair:3   | Reached skill level 1 in Translocations
 20887 | Shoals:1 | Entered Level 1 of the Shoals
 20905 | Lair:4   | Reached skill level 1 in Evocations
 21239 | Lair:5   | Entered Level 5 of the Lair of Beasts
 22214 | Lair:5   | Fell from the grace of Elyvilon
 22276 | Lair:5   | Found a staircase to the Slime Pits.
 22576 | Lair:5   | Found a viscous altar of Jiyva.
 22590 | Lair:5   | Became a worshipper of Jiyva Juyn the Shapeless
 22597 | Lair:5   | Killed labirda's ghost
 23000 | Lair:5   | Reached skill level 21 in Stealth
 23362 | Lair:5   | Reached skill level 5 in Translocations
 23390 | Lair:5   | Reached XP level 14. HP: 65/65 MP: 5/32
 23898 | Lair:5   | Found a runed translucent gate.
 23916 | Lair:5   | Found a runed translucent gate.
 23916 | Lair:5   | Found a runed translucent gate.
 23916 | Lair:5   | Found a viscous altar of Jiyva.
 23916 | Lair:5   | Noticed an acid blob
 23916 | Lair:5   | Noticed an azure jelly
 23916 | Lair:5   | Noticed an azure jelly
 23916 | Lair:5   | Noticed an acid blob
 23916 | Lair:5   | Noticed a quicksilver ooze
 23916 | Lair:5   | Noticed an azure jelly
 23916 | Lair:5   | Noticed an acid blob
 23916 | Lair:5   | Noticed an acid blob
 23917 | Lair:5   | Noticed an acid blob
 23917 | Lair:5   | Noticed an azure jelly
 23940 | Lair:5   | Reached * piety under Jiyva
 24524 | Lair:5   | Reached skill level 5 in Evocations
 25554 | D:11     | Learned a level 4 spell: Manifold Assault
 25662 | D:11     | Reached skill level 22 in Stealth
 26088 | D:12     | Reached ** piety under Jiyva
 26581 | D:13     | Noticed Josephine
 26685 | D:13     | Killed Josephine
 26975 | D:13     | Reached *** piety under Jiyva
 27065 | D:13     | Gained mutation: Your translucent skin slightly reduces
                  | your foes' accuracy. (Stealth+) [Jiyva's grace]
 27065 | D:13     | Gained mutation: Your translucent skin reduces your foes'
                  | accuracy. (Stealth+) [Jiyva's grace]
 27065 | D:13     | Gained mutation: Your transparent skin significantly
                  | reduces your foes' accuracy. (Stealth+) [Jiyva's grace]
 27065 | D:13     | Gained mutation: Your movements are slightly less
                  | encumbered by armour. (ER -2) [Jiyva's grace]
 27120 | D:13     | Found the +3 warlock's mirror {omnireflect}
 27628 | D:14     | Reached skill level 23 in Stealth
 27797 | D:14     | Reached **** piety under Jiyva
 28087 | D:14     | Found a gate to the Vaults.
 28547 | D:14     | Found a sparkling altar of Nemelex Xobeh.
 28574 | D:15     | Entered Level 15 of the Dungeon
 28789 | D:15     | Reached ***** piety under Jiyva
 28923 | D:15     | Reached XP level 15. HP: 70/70 MP: 32/34
 28936 | D:15     | Reached skill level 15 in Spellcasting
 29181 | D:15     | Gained mutation: You possess an exceptional clarity of
                  | mind. [Jiyva's grace]
 29181 | D:15     | Gained mutation: You have a pair of small horns on your
                  | head. [Jiyva's grace]
 29181 | D:15     | Gained mutation: You have a pair of horns on your head.
                  | [Jiyva's grace]
 29181 | D:15     | Gained mutation: You have a pair of large horns on your
                  | head. [Jiyva's grace]
 29304 | D:15     | Reached skill level 24 in Stealth
 29304 | D:15     | Reached skill level 5 in Invocations
 29311 | D:15     | Found a staircase to the Depths.
 29651 | Depths:1 | Entered Level 1 of the Depths
 29906 | Depths:1 | Noticed a tengu reaver
 29935 | D:15     | Learned a level 3 spell: Teleport Other
 29941 | D:15     | Learned a level 5 spell: Yara's Violent Unravelling
 29947 | D:15     | Learned a level 5 spell: Summon Mana Viper
 30241 | Orc:1    | Entered Level 1 of the Orcish Mines
 30272 | Orc:2    | Entered Level 2 of the Orcish Mines
 30846 | Orc:2    | Found a staircase to the Elven Halls.
 30909 | Orc:2    | Found a radiant altar of Vehumet.
 31188 | Orc:2    | Found a radiant altar of Vehumet.
 31189 | Orc:2    | Noticed Erolcha
 31228 | Orc:2    | Killed Erolcha
 31239 | Orc:2    | Found Ydac's Magic Scroll Boutique.
 31554 | Orc:2    | Found Yptorife's Antique Armour Boutique.
 31621 | Orc:2    | Found an ancient bone altar of Kikubaaqudgha.
 31730 | Orc:2    | Found Zuestear's Antique Armour Shop.
 31731 | Orc:2    | Found Evvarchi's Jewellery Boutique.
 31835 | Orc:2    | Bought a scroll of enchant armour for 105 gold pieces
 31835 | Orc:2    | Bought a scroll of blinking for 105 gold pieces
 31835 | Orc:2    | Bought a scroll of blinking for 105 gold pieces
 31835 | Orc:2    | Bought a scroll of teleportation for 42 gold pieces
 31835 | Orc:2    | Bought a scroll of blinking for 105 gold pieces
 31835 | Orc:2    | Bought a scroll of enchant armour for 105 gold pieces
 31945 | Elf:1    | Entered Level 1 of the Elven Halls
 32438 | Spider:1 | Entered Level 1 of the Spider Nest
 32579 | Lair:2   | Reached skill level 25 in Stealth
 33245 | Spider:1 | Found a runed translucent door.
 33246 | Spider:1 | Noticed tymior's ghost (adept DsNe)
 33581 | Lair:2   | Killed tymior's ghost
 33634 | Spider:1 | Lost mutation: You have a pair of large horns on your head.
                  | [Jiyva's grace]
 33634 | Spider:1 | Lost mutation: You possess an exceptional clarity of mind.
                  | [Jiyva's grace]
 33634 | Spider:1 | Lost mutation: Your transparent skin significantly reduces
                  | your foes' accuracy. (Stealth+) [Jiyva's grace]
 33634 | Spider:1 | Lost mutation: Your movements are slightly less encumbered
                  | by armour. (ER -2) [Jiyva's grace]
 33634 | Spider:1 | Gained mutation: You are resistant to electric shocks.
                  | (rElec) [Jiyva's grace]
 33634 | Spider:1 | Gained mutation: You are agile. (Dex +4, Str/Int -1)
                  | [Jiyva's grace]
 33634 | Spider:1 | Gained mutation: You are very agile. (Dex +8, Str/Int -2)
                  | [Jiyva's grace]
 33634 | Spider:1 | Gained mutation: Your rubbery body absorbs attacks. (AC +1,
                  | EV +1) [Jiyva's grace]
 33650 | Spider:1 | Got the Opusculum on the Fetid Tundra
 33651 | Spider:1 | Identified the +3 leather armour of the Farrier {Fly rCorr
                  | Dex-3 SInv}
 33815 | Spider:2 | You fall into a shaft and drop 1 floor!
 33815 | Spider:3 | Noticed Asterion
 33832 | Spider:3 | Reached skill level 26 in Stealth
 33832 | Spider:3 | Reached skill level 1 in Alchemy
 34068 | Spider:3 | Noticed Arachne
 34355 | Spider:2 | Reached XP level 16. HP: 74/74 MP: 36/36
 34417 | Spider:2 | Reached ****** piety under Jiyva
 35141 | Spider:2 | Reached skill level 27 in Stealth
 36013 | Spider:3 | Killed Arachne
 36027 | Spider:3 | Noticed Bai Suzhen
 36036 | Spider:3 | Killed Bai Suzhen
 36037 | Spider:3 | Reached skill level 15 in Hexes
 36293 | Spider:3 | Slimified Asterion
 36293 | Spider:3 | Asterion changed into Asterion the acid blob
 36293 | Spider:3 | Noticed Asterion
 36457 | Spider:4 | Entered Level 4 of the Spider Nest
 36555 | Spider:4 | Lost mutation: You have a pair of horns on your head.
                  | [Jiyva's grace]
 36555 | Spider:4 | Lost mutation: You are very agile. (Dex +8, Str/Int -2)
                  | [Jiyva's grace]
 36555 | Spider:4 | Lost mutation: You are resistant to electric shocks.
                  | (rElec) [Jiyva's grace]
 36555 | Spider:4 | Lost mutation: Your translucent skin reduces your foes'
                  | accuracy. (Stealth+) [Jiyva's grace]
 36555 | Spider:4 | Gained mutation: Your body has grown eyes which may confuse
                  | attackers. (Acc +3) [Jiyva's grace]
 36555 | Spider:4 | Gained mutation: Your body has grown many eyes which may
                  | confuse attackers. (Acc +5) [Jiyva's grace]
 36555 | Spider:4 | Gained mutation: Your body is covered in eyes which may
                  | confuse attackers. (Acc +7, SInv) [Jiyva's grace]
 36555 | Spider:4 | Gained mutation: You are partially covered in iridescent
                  | scales. (AC +2) [Jiyva's grace]
 36947 | Spider:4 | Reached skill level 5 in Alchemy
 37579 | Spider:4 | Got a gossamer rune of Zot
 37629 | Spider:4 | Reached XP level 17. HP: 79/79 MP: 39/39
 37679 | Spider:4 | Reached skill level 10 in Dodging
 38464 | Slime:1  | Entered Level 1 of the Pits of Slime
 38464 | Slime:1  | Noticed an acid blob
 38464 | Slime:1  | Noticed an acid blob
 38469 | Slime:2  | Noticed an acid blob
 38479 | Slime:4  | Noticed Dissolution
 38479 | Slime:4  | Noticed an acid blob
 38726 | Slime:5  | Entered Level 5 of the Pits of Slime
 38742 | Slime:5  | Found a viscous altar of Jiyva.
 38743 | Slime:5  | Noticed the Royal Jelly
 38743 | Slime:5  | Noticed an acid blob
 38743 | Slime:5  | Noticed an acid blob
 38743 | Slime:5  | Noticed an acid blob
 38743 | Slime:5  | Found the +8 storm bow {elec, penet}
 38746 | Slime:5  | Noticed an acid blob
 38746 | Slime:5  | Found the +8 Wrath of Trog {antimagic, *Rage Rampage}
 38747 | Slime:5  | Got a starry gem with 428 turns to spare
 38748 | Slime:5  | Noticed an acid blob
 38748 | Slime:5  | Noticed an acid blob
 38749 | Slime:5  | Noticed an acid blob
 38749 | Slime:5  | Noticed an acid blob
 38750 | Slime:5  | Noticed an acid blob
 38756 | Slime:5  | Got a slimy rune of Zot
 38766 | Slime:5  | Identified the amulet "Raghehon" {-Tele *Slow Regen+ Str+3
                  | Int+8}
 38774 | Slime:5  | Noticed an acid blob
 38818 | Slime:5  | Noticed an acid blob
 38906 | Slime:5  | Noticed an acid blob
 39242 | Slime:2  | Noticed an acid blob
 39374 | Slime:3  | Noticed an acid blob
 39626 | Slime:1  | Noticed an acid blob
 39650 | Slime:1  | Found a shimmering altar of Xom.
 39786 | Slime:1  | Noticed an acid blob
 40109 | Vaults:1 | Entered Level 1 of the Vaults
 40909 | Vaults:1 | Reached skill level 10 in Translocations
 41338 | Vaults:1 | Reached skill level 5 in Fighting
 41524 | Vaults:1 | Identified the serpent talisman of Konih {rN+}
 41524 | Vaults:1 | Noticed Aizul
 41558 | Vaults:1 | Slimified Aizul
 41558 | Vaults:1 | Aizul changed into Aizul the acid blob
 41558 | Vaults:1 | Noticed Aizul
 41879 | Vaults:1 | Reached skill level 10 in Short Blades
 41949 | Vaults:1 | Identified the +6 scale mail "Buurhari" {-Cast rElec rN+}
 42352 | Vaults:1 | Lost mutation: You have a pair of small horns on your head.
                  | [Jiyva's grace]
 42352 | Vaults:1 | Lost mutation: Your rubbery body absorbs attacks. (AC +1,
                  | EV +1) [Jiyva's grace]
 42352 | Vaults:1 | Gained mutation: You have a pair of small horns on your
                  | head. [Jiyva's grace]
 42352 | Vaults:1 | Gained mutation: You have a pair of horns on your head.
                  | [Jiyva's grace]
 42352 | Vaults:1 | Gained mutation: You have a pair of large horns on your
                  | head. [Jiyva's grace]
 42352 | Vaults:1 | Gained mutation: You have large cloven feet. [Jiyva's
                  | grace]
 43094 | Vaults:2 | Identified the +5 dagger "Q" {freeze, *Noise Int+3 Dex+4}
 43118 | Vaults:2 | Reached XP level 18. HP: 75/84 MP: 15/42
 44088 | Vaults:2 | Found Maniom's Armour Boutique.
 45259 | Vaults:3 | Noticed Sojobo
 45296 | Vaults:3 | Killed Sojobo
 45297 | Vaults:3 | Reached skill level 5 in Shields
 45297 | Vaults:3 | Reached skill level 1 in Conjurations
 45558 | Vaults:3 | Identified the +1 shortbow of Morphos {elec, rPois Will+
                  | SInv}
 45886 | Vaults:3 | Lost mutation: You are agile. (Dex +4, Str/Int -1) [Jiyva's
                  | grace]
 45886 | Vaults:3 | Lost mutation: Your body is covered in eyes which may
                  | confuse attackers. (Acc +7, SInv) [Jiyva's grace]
 45886 | Vaults:3 | Gained mutation: You have a small jelly attached to you
                  | that may absorb projectiles. [Jiyva's grace]
 45886 | Vaults:3 | Lost mutation: You have large cloven feet. [Jiyva's grace]
 45886 | Vaults:3 | Gained mutation: You have sharp toenails. [Jiyva's grace]
 45886 | Vaults:3 | Gained mutation: You have razor-sharp toenails. [Jiyva's
                  | grace]
 45886 | Vaults:3 | Gained mutation: You have claws for feet. [Jiyva's grace]
 46167 | Vaults:3 | Noticed Norris
 46207 | Vaults:3 | Identified the +4 arbalest of Hapoid {flame, rCorr Str+4
                  | Int+3}
 46596 | Vaults:3 | Killed Norris
 46646 | Vaults:3 | Identified the +0 arbalest of Hoefiqei {flame, rElec Will+
                  | Dex-4}
 46940 | Vaults:3 | Found a staircase to the Crypt.
 46951 | Crypt:1  | Entered Level 1 of the Crypt
 47308 | Vaults:4 | Reached XP level 19. HP: 89/89 MP: 44/44
 47579 | Vaults:4 | Noticed Zenata
 47827 | Vaults:4 | Identified the +6 bardiche of the Terrible God {drain, MP-9
                  | Str+4 Dex+6}
 48052 | Vaults:4 | Noticed Jory
 49206 | Orc:2    | Bought the ring of the Hare {EV+10} for 2048 gold pieces
 49206 | Orc:2    | Found the ring of the Hare {EV+10}
 51036 | Crypt:1  | Lost mutation: You have a pair of large horns on your head.
                  | [Jiyva's grace]
 51036 | Crypt:1  | Lost mutation: You have claws for feet. [Jiyva's grace]
 51036 | Crypt:1  | Lost mutation: You are partially covered in iridescent
                  | scales. (AC +2) [Jiyva's grace]
 51036 | Crypt:1  | Lost mutation: You have a small jelly attached to you that
                  | may absorb projectiles. [Jiyva's grace]
 51036 | Crypt:1  | Lost mutation: You have razor-sharp toenails. [Jiyva's
                  | grace]
 51036 | Crypt:1  | Lost mutation: You have sharp toenails. [Jiyva's grace]
 51036 | Crypt:1  | Gained mutation: You have large cloven feet. [Jiyva's
                  | grace]
 51036 | Crypt:1  | Gained mutation: You have hoof-like feet. [Jiyva's grace]
 51036 | Crypt:1  | Gained mutation: You have hooves in place of feet. [Jiyva's
                  | grace]
 51036 | Crypt:1  | Gained mutation: You are covered in slimy tendrils that may
                  | disarm your opponents. [Jiyva's grace]
 51062 | Crypt:1  | Learned a level 4 spell: Passage of Golubria
 51066 | Crypt:1  | Learned a level 3 spell: Sigil of Binding
 51235 | Crypt:1  | Reached skill level 1 in Summonings
 53111 | Crypt:3  | Entered Level 3 of the Crypt
 54540 | Shoals:1 | Reached XP level 20. HP: 79/80 MP: 44/46
 54558 | Shoals:1 | Noticed Donald
 54579 | Lair:3   | Killed Donald
 54620 | Shoals:1 | Found Besouv's Distillery.
 54954 | Shoals:1 | Noticed Nikola
 55154 | Lair:3   | Killed Nikola
 55484 | Shoals:1 | Lost mutation: You have a pair of horns on your head.
                  | [Jiyva's grace]
 55484 | Shoals:1 | Lost mutation: Your body has grown many eyes which may
                  | confuse attackers. (Acc +5) [Jiyva's grace]
 55484 | Shoals:1 | Lost mutation: Your translucent skin slightly reduces your
                  | foes' accuracy. (Stealth+) [Jiyva's grace]
 55484 | Shoals:1 | Lost mutation: You are covered in slimy tendrils that may
                  | disarm your opponents. [Jiyva's grace]
 55484 | Shoals:1 | Gained mutation: Your mind is acute. (Int +4, Str/Dex -1)
                  | [Jiyva's grace]
 55484 | Shoals:1 | Gained mutation: Your mind is very acute. (Int +8, Str/Dex
                  | -2) [Jiyva's grace]
 55484 | Shoals:1 | Gained mutation: You are somewhat resistant to further
                  | mutation. [Jiyva's grace]
 55484 | Shoals:1 | Gained mutation: You are somewhat resistant to both further
                  | mutation and mutation removal. [Jiyva's grace]
 56102 | Shoals:3 | Noticed Ilsuiw
 56309 | Shoals:2 | Killed Ilsuiw
 56406 | Shoals:1 | Bought a potion of curing for 45 gold pieces
 56406 | Shoals:1 | Bought a potion of heal wounds for 75 gold pieces
 56639 | Shoals:4 | Entered Level 4 of the Shoals
 56639 | Shoals:4 | Found a blossoming altar of Fedhas.
 56688 | Shoals:4 | Paralysed by an air elemental for 1 turns
 56697 | Shoals:4 | Paralysed by an air elemental for 1 turns
 56836 | Shoals:4 | Paralysed by an air elemental for 1 turns
 56839 | Shoals:4 | Paralysed by an air elemental for 1 turns
 56851 | Shoals:4 | Paralysed by an air elemental for 1 turns
 56884 | Shoals:4 | Paralysed by an air elemental for 1 turns
 56887 | Shoals:4 | Paralysed by an air elemental for 1 turns
 57191 | Shoals:4 | Paralysed by an air elemental for 1 turns
 57306 | Shoals:4 | Identified the +1 mace "Xeosann" {freeze, Str+3}
 57446 | Shoals:4 | Paralysed by an air elemental for 1 turns
 57465 | Shoals:4 | Paralysed by an air elemental for 1 turns
 57693 | Shoals:4 | Got a barnacled rune of Zot
 57697 | Shoals:4 | Got the Omnibus of the Puissant Oath
 57712 | Shoals:4 | Learned a level 3 spell: Mephitic Cloud
 57718 | Shoals:4 | Learned a level 5 spell: Alistair's Intoxication
 58379 | Shoals:3 | Noticed Roxanne
 58582 | Shoals:3 | Noticed Mara
 60986 | Crypt:3  | Lost mutation: You have hooves in place of feet. [Jiyva's
                  | grace]
 60986 | Crypt:3  | Lost mutation: You have hoof-like feet. [Jiyva's grace]
 60986 | Crypt:3  | Lost mutation: Your mind is very acute. (Int +8, Str/Dex
                  | -2) [Jiyva's grace]
 60986 | Crypt:3  | Lost mutation: Your mind is acute. (Int +4, Str/Dex -1)
                  | [Jiyva's grace]
 60986 | Crypt:3  | Lost mutation: You are somewhat resistant to both further
                  | mutation and mutation removal. [Jiyva's grace]
 60986 | Crypt:3  | Lost mutation: Your body has grown eyes which may confuse
                  | attackers. (Acc +3) [Jiyva's grace]
 60986 | Crypt:3  | Gained mutation: You have acidic saliva. [Jiyva's grace]
 60986 | Crypt:3  | Gained mutation: You are partially covered in iridescent
                  | scales. (AC +2) [Jiyva's grace]
 60986 | Crypt:3  | Gained mutation: You are mostly covered in iridescent
                  | scales. (AC +4) [Jiyva's grace]
 60986 | Crypt:3  | Gained mutation: You are completely covered in iridescent
                  | scales. (AC +6) [Jiyva's grace]
 61334 | Crypt:3  | Noticed a bone dragon
 61458 | Crypt:2  | Killed a bone dragon
 62021 | Crypt:3  | Found a staircase to the Tomb.
 62504 | Crypt:3  | Reached XP level 21. HP: 103/103 MP: 48/48
 62523 | Crypt:3  | Found an ancient bone altar of Kikubaaqudgha.
 62524 | Crypt:3  | Noticed an ancient lich
 62616 | Crypt:3  | Killed an ancient lich
 62687 | Crypt:3  | Identified the +2 mace "Tanweiwn" {flame, rF+ Dex+2 Stlth-}
 62794 | Crypt:3  | Identified the +0 robe "Kics" {Int+3 SInv}
 62978 | Crypt:3  | Got Oteizof's Octavo of the Dead
 63599 | Elf:1    | Paralysed by an air elemental for 1 turns
 63626 | Orc:2    | Paralysed by an air elemental for 1 turns
 64092 | Elf:1    | Found Kisauh's Weapon Shop.
 64329 | Elf:1    | Paralysed by an air elemental for 1 turns
 64412 | Elf:1    | Got the Atlas of Composition
 64958 | Elf:1    | Got the Codex of Toxicants
 65797 | Elf:2    | Reached skill level 5 in Summonings
 65951 | Elf:2    | Found a huge runed translucent gate.
 65951 | Elf:2    | Found a huge runed translucent gate.
 65951 | Elf:2    | Found a huge runed translucent gate.
 65951 | Elf:2    | Found a huge runed translucent gate.
 65951 | Elf:2    | Found a huge runed translucent gate.
 66207 | Elf:2    | Got the Papyrus of the Excursion and Freezing
 66382 | Elf:2    | Reached skill level 10 in Fighting
 67603 | Elf:3    | Entered Level 3 of the Elven Halls
 67603 | Elf:3    | Found Doichec's One-of-a-Kind Rings.
 68598 | Elf:3    | Lost mutation: You are somewhat resistant to further
                  | mutation. [Jiyva's grace]
 68598 | Elf:3    | Gained mutation: Your flesh is cold resistant. (rC+)
                  | [Jiyva's grace]
 68598 | Elf:3    | Gained mutation: Your flesh is very cold resistant. (rC++)
                  | [Jiyva's grace]
 68598 | Elf:3    | Gained mutation: Your flesh is almost immune to the effects
                  | of cold. (rC+++) [Jiyva's grace]
 68598 | Elf:3    | Gained mutation: You have hoof-like feet. [Jiyva's grace]
 68663 | Elf:3    | Identified the +2 glaive "Siegarec" {freeze, rElec Int+3}
 69568 | Elf:3    | Bought the ring "Uprimue" {rElec AC+4} for 900 gold pieces
 69741 | Elf:3    | Identified the +4 hand axe "Viom" {freeze, Will- Dex+2
                  | Stlth+}
 69935 | Elf:3    | Identified the +0 pair of boots of the Villain {Str+3
                  | Stlth+}
 69998 | Elf:3    | Learned a level 3 spell: Inner Flame
 70025 | Elf:3    | Got the Collected Works on Shifting and the Missiles
 70034 | Elf:3    | Learned a level 7 spell: Malign Gateway
 70261 | Elf:3    | Reached XP level 22. HP: 110/111 MP: 44/49
 70342 | Elf:3    | Found Onopud's Magic Scroll Shoppe.
 70346 | Elf:3    | Bought a scroll of blinking for 150 gold pieces
 70346 | Elf:3    | Bought a scroll of fear for 80 gold pieces
 70778 | Depths:1 | Found a one-way gateway to a ziggurat.
 70864 | Depths:1 | Noticed an ancient lich
 71170 | D:15     | Killed an ancient lich
 71669 | Depths:1 | You fall into a shaft and drop 1 floor!
 71721 | Depths:2 | Noticed a caustic shrike
 71721 | Depths:2 | Noticed a juggernaut
 71791 | Depths:2 | Found a one-way gate leading to the halls of Pandemonium.
 71800 | Depths:2 | Lost mutation: Your flesh is almost immune to the effects
                  | of cold. (rC+++) [a cacodemon]
 72323 | Depths:1 | Found a gateway to Hell.
 72494 | Depths:1 | Found a one-way gate to the infinite horrors of the Abyss.
 72813 | Depths:1 | Got Sacodgh's Information on the Damned
 72851 | Depths:1 | Found Muiw's Book Boutique.
 72852 | Depths:1 | Found Vehemuwy's Jewellery Shoppe.
 72853 | Depths:1 | Found Birom's Book Boutique.
 72882 | Depths:1 | Found a snail-covered altar of Cheibriados.
 73559 | Depths:2 | Found a corrupted altar of Lugonu.
 74213 | Depths:2 | Found an ornate altar of the Wu Jian Council.
 74495 | Depths:1 | Killed a caustic shrike
 74687 | Depths:1 | Killed a juggernaut
 74823 | Depths:2 | Reached skill level 15 in Translocations
 75488 | Depths:2 | Noticed a golden dragon
 75514 | Depths:2 | Killed a golden dragon
 75624 | Depths:2 | Noticed a golden dragon
 75760 | Depths:2 | Killed a golden dragon
 75766 | Depths:2 | Noticed a golden dragon
 75783 | Depths:2 | Killed a golden dragon
 75843 | Depths:2 | Identified the +7 mace of Echapusi {venom, Dex+3}
 75979 | Depths:2 | Reached XP level 23. HP: 121/121 MP: 51/51
 76544 | Depths:2 | Gained mutation: Armour fits poorly on your strangely
                  | shaped body. [a cacodemon]
 76688 | Depths:2 | Identified the +2 quarterstaff of Ydakhoiw {flame, Str+2}
 77193 | Depths:1 | Bought a book of Spatial Translocations for 342 gold pieces
 77196 | Depths:1 | Learned a level 2 spell: Blink
 77199 | Depths:1 | Learned a level 2 spell: Lesser Beckoning
 77295 | Depths:2 | Lost mutation: You have acidic saliva. [potion of mutation]
 77295 | Depths:2 | Lost mutation: Armour fits poorly on your strangely shaped
                  | body. [potion of mutation]
 77295 | Depths:2 | Gained mutation: Your mind is acute. (Int +4, Str/Dex -1)
                  | [potion of mutation]
 77482 | Depths:3 | Lost mutation: You are completely covered in iridescent
                  | scales. (AC +6) [Jiyva's grace]
 77482 | Depths:3 | Lost mutation: Your mind is acute. (Int +4, Str/Dex -1)
                  | [Jiyva's grace]
 77482 | Depths:3 | Gained mutation: Your flesh is heat resistant. (rF+)
                  | [Jiyva's grace]
 77482 | Depths:3 | Gained mutation: Your flesh is very heat resistant. (rF++)
                  | [Jiyva's grace]
 77482 | Depths:3 | Gained mutation: Your flesh is almost immune to the effects
                  | of heat. (rF+++) [Jiyva's grace]
 77482 | Depths:3 | Gained mutation: Your body has grown eyes which may confuse
                  | attackers. (Acc +3) [Jiyva's grace]
 78988 | Depths:4 | Entered Level 4 of the Depths
 79991 | Depths:4 | Found a gateway to a bazaar.
 80001 | Bazaar   | Entered a bazaar
 80001 | Bazaar   | Found Oxumud's Distillery.
 80001 | Bazaar   | Found Zumeckon's Assorted Antiques.
 80001 | Bazaar   | Found Jyschuco's General Store.
 80001 | Bazaar   | Found Mecs's Jewellery Emporium.
 80297 | Depths:4 | Found a hazy altar of Hepliaklqana.
 80540 | Depths:4 | Found a gate to the Realm of Zot.
 80842 | Zot:1    | Entered Level 1 of the Realm of Zot
 81250 | Depths:4 | Reached XP level 24. HP: 81/128 MP: 49/52
 81669 | Zot:1    | Noticed a dread lich
 81708 | Zot:1    | Noticed a dread lich
 81757 | Zot:1    | Killed a dread lich
 81765 | Zot:1    | Noticed a dread lich
 81815 | Zot:1    | Killed a dread lich
 81875 | Zot:1    | Noticed a dread lich
 81906 | Zot:1    | Killed a dread lich
 81967 | Zot:1    | Killed a dread lich
 82179 | Zot:1    | Identified the +4 leather armour of Objectivity {rF+}
 83254 | Zot:2    | Lost mutation: You have hoof-like feet. [Jiyva's grace]
 83254 | Zot:2    | Lost mutation: You have large cloven feet. [Jiyva's grace]
 83254 | Zot:2    | Lost mutation: Your body has grown eyes which may confuse
                  | attackers. (Acc +3) [Jiyva's grace]
 83254 | Zot:2    | Gained mutation: You are completely covered in iridescent
                  | scales. (AC +6) [Jiyva's grace]
 83254 | Zot:2    | Gained mutation: You are strong-willed. (Will+) [Jiyva's
                  | grace]
 83254 | Zot:2    | Gained mutation: You are highly strong-willed. (Will++)
                  | [Jiyva's grace]
 83254 | Zot:2    | Gained mutation: You are extremely strong-willed. (Will+++)
                  | [Jiyva's grace]
 83656 | Zot:2    | Reached skill level 10 in Summonings
 84842 | Zot:2    | Learned a level 4 spell: Iskenderun's Mystic Blast
 85412 | Zot:3    | Found the +4 dragonskin cloak
 85412 | Zot:3    | Noticed Tiamat
 85590 | Zot:2    | Killed Tiamat
 86114 | Zot:3    | Noticed a Killer Klown
 86238 | Zot:3    | Killed a Killer Klown
 86286 | Zot:2    | Reached XP level 25. HP: 132/135 MP: 47/53
 86796 | Zot:3    | Noticed Parghit
 86916 | Zot:3    | Killed Parghit
 88271 | Zot:4    | Reached skill level 15 in Fighting
 88371 | Zot:4    | Lost mutation: You are completely covered in iridescent
                  | scales. (AC +6) [Jiyva's grace]
 88371 | Zot:4    | Lost mutation: Your flesh is almost immune to the effects
                  | of heat. (rF+++) [Jiyva's grace]
 88371 | Zot:4    | Gained mutation: You possess an exceptional clarity of
                  | mind. [Jiyva's grace]
 88371 | Zot:4    | Gained mutation: Armour fits poorly on your pseudopods.
                  | [Jiyva's grace]
 88371 | Zot:4    | Gained mutation: Armour fits poorly on your large
                  | pseudopods. [Jiyva's grace]
 88371 | Zot:4    | Gained mutation: Armour fits poorly on your massive
                  | pseudopods. [Jiyva's grace]
 88694 | Zot:5    | Entered Level 5 of the Realm of Zot
 89300 | Zot:5    | Noticed a Killer Klown
 89360 | Zot:5    | Killed a Killer Klown
 89679 | Zot:5    | Noticed an orb of fire
 89683 | Zot:5    | Noticed a dread lich
 89684 | Zot:5    | Noticed a Killer Klown
 89688 | Zot:5    | Noticed an ancient lich
 89688 | Zot:5    | Noticed an orb of fire
 89690 | Zot:5    | Noticed a Killer Klown
 89691 | Zot:5    | Noticed an orb of fire
 89694 | Zot:5    | Noticed an orb of fire
 89695 | Zot:5    | Noticed a Killer Klown
 89709 | Zot:5    | Killed a Killer Klown
 89849 | Zot:5    | Killed an ancient lich
 89849 | Zot:5    | Gained mutation: You are frail. (-10% HP) [an orb of fire]
 89852 | Zot:5    | Gained mutation: Armour fits poorly on your strangely
                  | shaped body. [an orb of fire]
 89860 | Zot:5    | Killed an orb of fire
 89863 | Zot:5    | Killed an orb of fire
 89867 | Zot:5    | Killed a dread lich
 89890 | Zot:5    | Killed a Killer Klown
 89918 | Zot:5    | Killed an orb of fire
 89970 | Zot:5    | Noticed a Killer Klown
 89991 | Zot:5    | Killed a Killer Klown
 89994 | Zot:5    | Killed a Killer Klown
 90042 | Zot:5    | Killed an orb of fire
 90068 | Zot:5    | Noticed a Killer Klown
 90152 | Zot:5    | Noticed a Killer Klown
 90210 | Zot:5    | Killed a Killer Klown
 90722 | Zot:5    | Killed a Killer Klown
 90904 | Zot:5    | Got the Orb of Zot
 90929 | Zot:5    | Noticed Batuabloxka the pandemonium lord
 91573 | D:$      | Escaped with the Orb!

Illustrated notes

Levels and vault maps discovered:
D:1:      dpeg_arrival_lava_altar, layout_loops_corners,
          hangedman_decor_slide_cut
D:2:      layout_loops_ring, skrybe_limestone_x, minmay_split_cup_small
D:3:      layout_basic, marbit_many_paths, dreamdust_ecumenical_altar_grove,
          grunt_decor_clamped, kennysheep_crisscross, uniq_crazy_yiuf_cottage
D:4:      layout_loops_ring, lemuel_zombie_altar_yredelemnul,
          mainiacjoe_overflow_small_starburst,
          minmay_temple_entry_gardened_gates, minmay_crystal_water,
          guppyfry_early_orc_mine, uniq_grinder
D:5:      minmay_evil_eye, layout_basic, mainiacjoe_overflow_catwalk
D:6:      layout_basic, nicolae_qazlal_general_emergency
D:7:      layout_rooms, grunt_temple_overflow_champion_of_chaos,
          lemuel_coloured_pillars_altar, uniq_maggie
D:8:      layout_basic, gammafunk_temple_overflow_pools, serial_curves,
          eino_curves_02, eino_curves_02, minmay_misc_feat_rugged, uniq_pikel,
          uniq_gastronok
D:9:      layout_irregular_city, minmay_lair_entry_grove, zombieorc1_lemuel,
          lightli_corner_chamber, uniq_amaemon
D:10:     layout_roguey, grunt_gozag_statues, mainiacjoe_overflow_big_doors
D:11:     layout_basic
D:12:     layout_cave_pools, nrook_uturn
D:13:     minmay_smoke_and_mirrors, layout_cave_pods, uniq_josephine
D:14:     layout_basic, david_vaults_5, nemelex_xobeh_ov_fountains_minmay,
          palyth_stone_intersect
D:15:     grunt_enter_depths_magical_seal, layout_irregular_city,
          chequers_arboretum, minmay_misc_feat_more_columns,
          nicolae_figureground_pulse
Temple:   dpeg_three_leaves_temple
Lair:1:   layout_roguey
Lair:2:   layout_layer_cave, dummy_spider_entry, serial_bayou_shore_a
Lair:3:   layout_cave_pods, elwin_shoals_entry_rocks, uniq_kirke
Lair:4:   layout_hall_layers, grunt_megastairs_3
Lair:5:   wormcave, layout_loops_ring, guppyfry_lair_end_dragon,
          nicolae_slime_entry_field_trip, gammafunk_ghost_ooze,
          serial_bayou_lagoon_b
Shoals:1: layout_shoals, nicolae_take_the_stairs, uniq_donald, uniq_nikola
Shoals:2: nicolae_shoals_offshore_bank_account, layout_shoals
Shoals:3: layout_shoals, uniq_roxanne, uniq_ilsuiw, uniq_mara, uniq_polyphemus
Shoals:4: shoals_end_hellmonk_storm_palace [storm_palace_center_circular,
          storm_palace_corner_altar, storm_palace_corner_narrow,
          storm_palace_corner_grid, storm_palace_corner_pillars], serial_shops
Spider:1: nicolae_spider_mines_1, ebering_ghost_reflecting_pool
Spider:2: layout_chambers
Spider:3: layout_spider_delve, drop_trap, nicolae_looking_at_the_future,
          uniq_asterion, uniq_arachne, uniq_bai_suzhen
Spider:4: johnstein_spider_rune_arachne_lair
Slime:1:  layout_caves, basic_altar
Slime:2:  layout_caves
Slime:3:  layout_caves
Slime:4:  layout_caves, dissolution_awaits
Slime:5:  slime_pit
Orc:1:    minmay_goldmine, layout_caves, portal_ice_cave_rime,
          statue_in_the_mist_lemuel, uniq_nergalle, uniq_fannar
Orc:2:    kennysheep_orc_mage_school, layout_caves, basic_altar
Elf:1:    elf_arrival_002, layout_geoelf_octagon, serial_shops,
          nicolae_shop_behind_doors, nicolae_elf_shapeshifter_party, minivault_8
Elf:2:    elven_hall_of_blades_hangedman_alternative
          [nicolae_blade_entry_sentries_behind_glass], layout_gridlike,
          roderic_lattice_octagonal_star
Elf:3:    grunt_elf_hall_branching, layout_loops_cross, serial_shops,
          nicolae_shop_rolled_up, nicolae_shop_unique_rings,
          minmay_misc_feat_columns, patterned_corridor
Vaults:1: vaults_room_door_hall, vaults_standard_mumra_lines,
          nicolae_vaults_trapezoid_lopsided_3, v_misc_4, vaults_room_pools,
          v_rooms_2, nicolae_vaults_inception_scallops,
          nicolae_vaults_double_plus_2, nicolae_vaults_variable_pillar_hall,
          ontoclasm_vaults_tryst, nicolae_vaults_layer_cake_slice,
          nicolae_vaults_shipping_containers_4, nicolae_vaults_six-pack,
          v_misc_17, layout_vaults_ring, uniq_aizul
Vaults:2: nicolae_vaults_cornered_office, hangedman_vaults_river_flow,
          ontoclasm_vaults_ring_large, hangedman_vaults_stitches, v_misc_22,
          nicolae_vaults_diamond_2, nicolae_vaults_network_quincunx
          [nicolae_vaults_network_quincunx_subvault,
          nicolae_vaults_network_quincunx_subvault,
          nicolae_vaults_network_quincunx_subvault,
          nicolae_vaults_network_quincunx_subvault,
          nicolae_vaults_network_quincunx_subvault],
          nicolae_vaults_layer_cake_slice, nicolae_vaults_wine_cellar,
          nicolae_vaults_shipping_containers_7, nicolae_vaults_steering_wheel,
          vaults_room_pools, ontoclasm_vaults_loading_screen,
          ontoclasm_vaults_gateway, layout_vaults_big_cross, serial_shops, shop,
          uniq_margery
Vaults:3: minmay_crypt_entry_vampire_xt, v_misc_26,
          nicolae_vaults_sesquioval_fish, ontoclasm_vaults_pinch,
          nicolae_vaults_yaktaur_gun_rack, layout_vaults_big_room, uniq_sojobo,
          uniq_norris
Vaults:4: v_misc_15, hangedman_vaults_cutoff, ontoclasm_vaults_twist,
          nicolae_vaults_gold_heap, hangedman_vaults_snaps,
          layout_vaults_omnigrid, uniq_zenata, uniq_jory
Crypt:1:  layout_catacombs
Crypt:2:  layout_chaotic_city, nicolae_crypt_tucked_away, uniq_josephina
Crypt:3:  cryptofortress_bobbens
Depths:1: layout_basic, enter_ziggurat_f, special_room [special_room_morgue],
          grunt_decor_one_mirror, abyss_entry, pf_hell_entry_tar_river,
          slow_altar_1, minmay_shop_grove
Depths:2: hangedman_box_tower, layout_gridville, mu_enter_wizlab_5,
          abyss_entry_flame_altar, grunt_decor_cap, grunt_pan_entry_zigzag,
          hell_entry, hex_tiny, nzn_wu_jian_council_hall
Depths:3: cheibrodos_salmonella, layout_cave_shapes, abyss_entry,
          nicolae_hell_entry_hellmouth_sunbeams, chequers_serial_rivers_micro_c
Depths:4: grunt_x_marks_the_spot, layout_cave_pools, hell_entry,
          nzn_hepliaklqana_mist_gate, serial_shops, statue_bzr,
          serial_bayou_shore_b
Zot:1:    hellmonk_paralyzer, layout_misc_corridors, grunt_megastairs_5
Zot:2:    grunt_twist_and_shout, layout_cathedral_of_symmetry,
          skrybe_zot_glass_2, st_single_dragon_hoard_3
Zot:3:    layout_onion_interference, regret_index_zotdec_twisting_globes,
          uniq_tiamat, uniq_parghit
Zot:4:    layout_concentric_octagons, st_stairs_7
Zot:5:    layout_twisted_circle, regret_index_zotdec_ex, nicolae_zig_zag_zippers

Skill      XL: |  1  2  3  4  5  6  7  8  9 10 11 12 13 14 15 16 17 18 19 20 21 22 23 24 25 |
---------------+----------------------------------------------------------------------------+-----
Hexes          | 4 5 6 7 9 10 11 12 13 14 15 17 18 19 20 21 | 21.3
Spellcasting   | 3 4 5 6 7 9 10 11 13 14 15 17 19 20 21 22 23 24 25 26 | 26.0
Stealth        | 5 6 7 8 10 13 15 17 19 21 23 26 27 | 27.0
Dodging        | 3 4 5 6 7 8 9 10 11 12 13 | 13.3
Short Blades   | 2 3 4 6 7 8 9 10 13 14 | 14.0
Fighting       | 1 2 3 4 5 6 8 11 12 13 14 15 | 15.6
Shields        | 1 2 3 4 5 6 7 |  7.0
Ranged Weapons | 1 2 3 |  3.9
Armour         | 1 2 3 4 |  4.2
Invocations    | 2 4 6 |  6.7
Throwing       | 1 |  1.0
Air Magic      | 1 |  1.1
Translocations | 5 8 9 10 16 19 22 25 | 25.1
Evocations     | 4 5 |  5.4
Alchemy        | 2 5 8 9 |  9.3
Conjurations   | 1 |  1.1
Summonings     | 1 2 8 11 12 | 12.3

Action                     |  1- 3 |  4- 6 |  7- 9 | 10-12 | 13-15 | 16-18 | 19-21 | 22-24 | 25-27 || total
---------------------------+-------+-------+-------+-------+-------+-------+-------+-------+-------++-------
  Melee: Dagger            |   118 |    50 |   469 |   728 |  1159 |   903 |   944 |   244 |       ||  4615
         Punch             |       |       |    13 |     5 |    14 |       |       |       |       ||    32
         Rapier            |       |       |       |       |   155 |       |  1220 |  2173 |   441 ||  3989
         Headbutt          |       |       |       |       |    86 |   227 |   599 |   947 |   160 ||  2019
         Kick              |       |       |       |       |       |   143 |   955 |  1162 |       ||  2260
         Bite              |       |       |       |       |       |       |   151 |   219 |       ||   370
         Sling             |       |       |       |       |       |       |     1 |       |       ||     1
         Pseudopods        |       |       |       |       |       |       |       |       |    66 ||    66
   Fire: Sling             |       |       |       |     6 |       |    13 |   138 |     5 |       ||   162
         Orcbow            |       |       |       |       |    20 |       |       |       |       ||    20
  Throw: Dart              |       |       |       |       |    12 |       |       |       |       ||    12
   Cast: Ensorcelled Hiber |    19 |    38 |    39 |    54 |   256 |   339 |   209 |    74 |    12 ||  1040
         Confusing Touch   |       |       |    69 |   103 |    92 |    96 |   158 |   176 |    29 ||   723
         Tukima's Dance    |       |       |       |     4 |     3 |     9 |     6 |     2 |       ||    24
         Dazzling Flash    |       |       |       |       |    49 |    17 |    15 |    41 |     5 ||   127
         Shock             |       |       |       |       |    15 |     5 |     9 |     1 |       ||    30
         Gell's Gravitas   |       |       |       |       |     5 |     8 |    20 |    25 |       ||    58
         Manifold Assault  |       |       |       |       |    36 |    13 |    24 |    12 |       ||    85
         Yara's Violent Un |       |       |       |       |     6 |     4 |    45 |    55 |     1 ||   111
         Summon Mana Viper |       |       |       |       |     4 |     8 |   188 |   127 |     9 ||   336
         Alistair's Intoxi |       |       |       |       |       |       |    11 |     7 |    26 ||    44
         Mephitic Cloud    |       |       |       |       |       |       |     4 |     3 |       ||     7
         Teleport Other    |       |       |       |       |       |       |     1 |     6 |       ||     7
         Sigil of Binding  |       |       |       |       |       |       |     3 |     1 |       ||     4
         Inner Flame       |       |       |       |       |       |       |     1 |    12 |     1 ||    14
         Lesser Beckoning  |       |       |       |       |       |       |       |    10 |       ||    10
         Blink             |       |       |       |       |       |       |       |     6 |       ||     6
         Malign Gateway    |       |       |       |       |       |       |       |    11 |    17 ||    28
         Passage of Golubr |       |       |       |       |       |       |       |     1 |     1 ||     2
         Iskenderun's Myst |       |       |       |       |       |       |       |     2 |       ||     2
 Invoke: Slimify           |       |       |       |       |     2 |     3 |     4 |     1 |       ||    10
         Oozemancy         |       |       |       |       |       |       |     3 |       |     1 ||     4
  Evoke: Wand              |       |       |       |     2 |    12 |     5 |       |       |       ||    19
         Box of beasts     |       |       |       |       |     2 |     2 |     2 |     1 |       ||     7
         Phantom mirror    |       |       |       |       |       |       |     1 |       |       ||     1
         Condenser vane    |       |       |       |       |       |       |     1 |       |       ||     1
    Use: Scroll            |     3 |     1 |     8 |     4 |    14 |     4 |     9 |     9 |       ||    52
         Potion            |       |       |       |     2 |     5 |     5 |     3 |     8 |       ||    23
   Stab: Sleeping          |    24 |    23 |    33 |    69 |   196 |   195 |   130 |    47 |    13 ||   730
         Confused          |       |       |    44 |    88 |    92 |   121 |   165 |   220 |    49 ||   779
         Distracted        |       |       |     1 |     2 |       |    13 |    39 |    43 |    13 ||   111
         Invisible         |       |       |       |       |    19 |     7 |     7 |    24 |     6 ||    63
         Petrifying        |       |       |       |       |     1 |       |       |       |       ||     1
         Paralysed         |       |       |       |       |       |     2 |       |       |       ||     2
 Armour: Robe              |    21 |     7 |    90 |    68 |       |       |       |       |       ||   186
         Troll leather arm |       |       |       |   111 |   338 |   318 |   803 |   927 |   172 ||  2669
  Dodge: Dodged            |    66 |    26 |   233 |   480 |  1030 |   881 |  1783 |  2104 |   390 ||  6993
  Block: Other             |    21 |     9 |    56 |       |       |       |       |       |       ||    86
         Reflection        |     2 |       |       |       |    30 |    60 |   119 |    86 |    11 ||   308
         Buckler           |       |       |       |       |   203 |   430 |   792 |   920 |   138 ||  2483
